 Dungeon Crawl Stone Soup version 0.19-a0-1767-gb375097 (webtiles) character file.

3916 Mirvelgyr the Cleaver (level 10, -2/139 HPs)
             Began as a Minotaur Berserker on Oct 2, 2016.
             Was an Elder of Trog.
             Killed by divine providence
             ... invoked by an orc priest
              (15 damage)
             ... on level 7 of the Dungeon.
             The game lasted 00:14:08 (5884 turns).

Mirvelgyr the Cleaver (Minotaur Berserker)          Turns: 5884, Time: 00:14:10

Health: -2/139     AC:  8    Str: 31    XL:     10   Next: 1%
Magic:  9/9        EV: 15    Int:  7    God:    Trog [****..]
Gold:   426        SH:  0    Dex:  9    Spells: 0 memorised, 9 levels left

rFire  . . .     SeeInvis .     I - +1 war axe
rCold  . . .     Gourm    .     f - +0 ring mail
rNeg   . . .     Faith    .     (no shield)
rPois  .         Spirit   .     (helmet restricted)
rElec  .         Dismiss  .     o - +1 cloak
rCorr  .         Reflect  .     g - +0 pair of gloves
MR     ++...     Harm     .     (no boots)
Stlth  ..........               (no amulet)
                                t - +3 ring of intelligence
                                r - +4 ring of evasion

@: berserking (expiring), regenerating, very quick
A: retaliatory headbutt, horns 2
a: Berserk, Trog's Hand, Brothers in Arms, Burn Spellbooks, Renounce Religion


You were on level 7 of the Dungeon.
You worshipped Trog.
Trog was greatly pleased with you.
You were very hungry.

You visited 1 branch of the dungeon, and saw 7 of its levels.

You collected 426 gold pieces.

Inventory:

Hand Weapons
 I - a +1 war axe (weapon)
Armour
 f - a +0 ring mail (worn)
 g - a +0 pair of gloves (worn)
 o - a +1 cloak (worn)
Jewellery
 l - an uncursed ring of protection from fire {unknown}
 r - a +4 ring of evasion (left hand)
 s - an uncursed ring of fire
 t - a +3 ring of intelligence (right hand)
 H - an uncursed ring of teleportation
Wands
 y - a wand of random effects (37/48)
 C - a wand of lightning (8/15)
 G - a wand of lightning (7/15)
Scrolls
 b - a scroll of enchant weapon
 e - 7 scrolls of identify
 u - a scroll of enchant armour
 v - a scroll of remove curse
Potions
 d - a potion of cure mutation {unknown}
 h - 3 potions of haste {unknown}
 i - 2 potions of ambrosia {unknown}
 k - 3 potions of lignification {unknown}
 n - 2 potions of heal wounds {unknown}
 w - a potion of agility {unknown}
 z - a potion of flight {unknown}
Books
 E - a book of Misfortune

   Spells                             Type                      Level
   a - Confusing Touch                Hexes                        1
   b - Confuse                        Hexes                        3
   c - Gell's Gravitas                Hexes/Translocation          3
   d - Petrify                        Transmutation/Earth          4
   e - Metabolic Englaciation         Hexes/Ice                    5
   f - Yara's Violent Unravelling     Hexes/Transmutation          5
   Trog disapproves of the use of such an item.
 F - a book of Flames

   Spells                             Type                      Level
   a - Flame Tongue                   Conjuration/Fire             1
   b - Throw Flame                    Conjuration/Fire             2
   c - Conjure Flame                  Conjuration/Fire             3
   d - Inner Flame                    Hexes/Fire                   3
   e - Sticky Flame                   Conjuration/Fire             4
   f - Fireball                       Conjuration/Fire             5
   Trog disapproves of the use of such an item.
Comestibles
 a - 4 chunks of flesh
 c - 7 bread rations
 j - a beef jerky
 m - a slice of pizza
 q - 5 meat rations


   Skills:
 + Level 10.1 Fighting
 - Level 14.1 Axes
 - Level 2.4 Armour
 - Level 2.1 Dodging


You had 9 spell levels left.
You didn't know any spells.

Dungeon Overview and Level Annotations

Branches:
Dungeon (7/15)             Temple (0/1) D:7

Altars:
Kikubaaqudgha
Okawaru
Qazlal
Ru
Xom

Shops:
D:7 *


Innate Abilities, Weirdness & Mutations

You reflexively headbutt those who attack you in melee.
You have a pair of horns on your head.


Message History

You headbutt the killer bee!
You kill the killer bee!
Trog accepts your kill.
You have reached level 10!
You barely miss the orc priest. Your headbutt misses the orc priest.
The orc priest is heavily wounded.
You slash the killer bee! The killer bee misses you.
The orc priest barely misses you.
You barely miss the orc priest. Your headbutt misses the orc priest.
The orc priest is heavily wounded.
Your ring mail prevents you from hitting the killer bee.
The killer bee misses you. You furiously retaliate!
You headbutt the killer bee!
You kill the killer bee!
Trog accepts your kill.
The centaur wields a shortbow.
The centaur shoots an arrow.
The arrow misses you.
The orc priest invokes the aid of Beogh against you.
Beogh smites you!
You die...

******** #y**,* *****
*,,,,,,*###.**,*****,,,,
*,,,,,,,,...,,,,,,,,,***
*,,,,,,***#.##*,,,,,,*
****,*** #..#**########
**,* ##.####.......
**,,* ###......######
*,,*#####.c..#####
*,**#o@)..##.#
*,#(.)######%##########
#...##* #.##........
#..** #.##.####### #.,*
#....# #,** ##.### *,*
### *,* ***


You could see a centaur and an orc priest.

Vanquished Creatures
  A hill giant (D:5)
  Pikel (D:6)
  Sigmund (D:6)
  Duvessa (D:5)
  2 sky beasts (D:5)
  2 slaves (D:6)
  A black bear (D:6)
  A centaur (D:6)
  2 ogres
  3 big kobolds (D:5)
  A bullfrog (D:6)
  2 scorpions
  Dowan (D:5)
  13 killer bees (D:7)
  2 howler monkeys
  2 crimson imps
  4 hounds
  3 jellies
  9 orc priests
  6 orc wizards
  2 iguanas (D:6)
  3 worker ants (D:6)
  11 gnolls
  3 adders
  2 shadow imps
  An ooze (D:2)
  3 worms
  3 dart slugs
  9 leopard geckos
  22 orcs
  9 giant cockroaches
  40 goblins
  20 hobgoblins
  9 jackals
  3 quokkas
  4 ball pythons
  8 bats
  3 frilled lizards
  7 kobolds
  A quokka zombie (D:5)
  12 rats
233 creatures vanquished.

Notes
Turn   | Place    | Note
-------+----------+-------------------------------------------
     0 | D:1      | Mirvelgyr the Minotaur Berserker began the quest for the Orb.
     0 | D:1      | Reached XP level 1. HP: 19/19 MP: 0/0
   148 | D:1      | Reached skill level 4 in Axes
   190 | D:1      | Reached XP level 2. HP: 14/26 MP: 1/1
   524 | D:1      | Reached skill level 5 in Axes
   696 | D:1      | Reached XP level 3. HP: 30/31 MP: 2/2
   943 | D:1      | Reached ** piety under Trog
  1248 | D:2      | Found a shimmering altar of Xom.
  1734 | D:2      | Reached XP level 4. HP: 39/39 MP: 3/3
  1743 | D:3      | Noticed a fire elemental
  1751 | D:3      | Found a stormy altar of Qazlal.
  1753 | D:3      | Noticed an earth elemental
  1754 | D:3      | Noticed an air elemental
  1754 | D:3      | Noticed a water elemental
  1760 | D:3      | Reached skill level 6 in Axes
  1820 | D:3      | Reached XP level 5. HP: 45/45 MP: 4/4
  1834 | D:3      | Reached skill level 7 in Axes
  2140 | D:3      | Reached skill level 8 in Axes
  2181 | D:3      | Reached *** piety under Trog
  2277 | D:4      | Reached XP level 6. HP: 42/51 MP: 5/5
  2282 | D:4      | Found a sacrificial altar of Ru.
  2287 | D:4      | Found an ancient bone altar of Kikubaaqudgha.
  2641 | D:4      | Reached skill level 9 in Axes
  3084 | D:4      | Reached XP level 7. HP: 57/57 MP: 6/6
  3326 | D:4      | Reached skill level 10 in Axes
  3350 | D:5      | Entered Level 5 of the Dungeon
  3432 | D:5      | Reached skill level 11 in Axes
  3707 | D:5      | Reached XP level 8. HP: 55/64 MP: 7/7
  3729 | D:5      | Reached skill level 12 in Axes
  3823 | D:5      | Reached **** piety under Trog
  4169 | D:5      | Noticed Duvessa
  4169 | D:5      | Noticed Dowan
  4173 | D:5      | Killed Dowan
  4181 | D:5      | Killed Duvessa
  4181 | D:5      | Reached skill level 13 in Axes
  4457 | D:5      | Noticed a hill giant
  4464 | D:5      | Killed a hill giant
  4464 | D:5      | Reached skill level 14 in Axes
  4464 | D:5      | Reached XP level 9. HP: 70/70 MP: 8/8
  4774 | D:7      | Found a staircase to the Ecumenical Temple.
  4950 | D:6      | Noticed Pikel
  4958 | D:6      | Killed Pikel
  5147 | D:6      | Noticed Sigmund
  5159 | D:6      | Killed Sigmund
  5327 | D:6      | Found an iron altar of Okawaru.
  5796 | D:7      | Found Igyeckua's Assorted Antiques.
  5880 | D:7      | Reached skill level 10 in Fighting
  5882 | D:7      | Reached XP level 10. HP: 12/93 MP: 9/9
  5884 | D:7      | Killed from afar by an orc priest

Vault maps used:
D:1:      dpeg_arrival_round_a
D:2:      first_bread, tgw_xom
D:3:      nicolae_qazlal_style_of_elements
D:4:      grunt_temple_overflow_open
D:5:      minmay_goblin_kobold_castle, portal_sewer_entry_e, minmay_small_thing,
          uniq_duvessa
D:6:      okawaru_metal_pillars_1_2, uniq_pikel, uniq_sigmund
D:7:      serial_shops, shop

Skill      XL: |  1  2  3  4  5  6  7  8  9 |
---------------+----------------------------+-----
Axes           | 4 5 6 8 9 11 14 | 14.1
Fighting       | 10 | 10.1
Armour         | |  2.4
Dodging        | |  2.1

Action                   |  1- 3 |  4- 6 |  7- 9 | 10-12 || total
-------------------------+-------+-------+-------+-------++-------
Melee: Hand axe          |    89 |    99 |   291 |       ||   479
       Headbutt          |    12 |    16 |    61 |       ||    89
       War axe           |       |       |    28 |     2 ||    30
Invok: Trog's Hand       |       |     6 |    16 |       ||    22
       Berserk           |       |     2 |    11 |       ||    13
  Use: Scroll            |       |       |    10 |       ||    10
  Eat: Chunk             |     3 |     8 |    24 |       ||    35
Armor: Animal skin       |     3 |       |       |       ||     3
       Ring mail         |    19 |    25 |    58 |       ||   102
Dodge: Dodged            |    53 |    58 |   183 |     4 ||   298
